Map: Taito Citadel LE

Players

Midaraine - Winner!

  • Race: Protoss Protoss
  • Spawn Location: 11:00

VOD

Have the link to the VOD?

Description

Time

  • Played on: June 19, 2026, 4:05 p.m.
  • Length: 19:02
Show
View Real Time Build Order
Export as new Build Order

Midaraine Protoss - Winner!

Build Orders:  

Get SALT Encoding   

  12  0:00  Probe (Chrono Boost)  
  13  0:24  Probe (Chrono Boost)  
  14  0:40  Pylon  
  14  0:44  Probe (Chrono Boost)  
  15  1:07  Probe (Chrono Boost)  
  16  1:20  Gateway  
  16  1:24  Probe (Chrono Boost)  
  17  1:37  Assimilator  
  18  1:41  Probe (Chrono Boost)  
  18  2:17  Probe (Chrono Boost)  
  19  2:34  Probe (Chrono Boost), Cybernetics Core  
  20  2:49  Probe (Chrono Boost)  
  21  3:01  Probe (Chrono Boost)  
  22  3:15  Nexus  
  22  3:33  Probe (Chrono Boost)  
  23  3:53  Twilight Council  
  23  3:59  Pylon  
  23  4:26  Probe (Chrono Boost)  
  24  4:39  Assimilator  
  24  4:43  Probe (Chrono Boost)  
  24  4:45  Warp Gate  
  25  4:58  Probe (Chrono Boost)  
  25  5:03  Probe (Chrono Boost)  
  25  5:09  Probe (Chrono Boost)  
  27  5:19  Probe (Chrono Boost)  
  30  5:30  Probe (Chrono Boost)  
  30  5:33  Probe (Chrono Boost)  
  31  5:44  Assimilator  
  31  5:47  Probe (Chrono Boost)  
  31  5:48  Assimilator  
  32  5:55  Probe (Chrono Boost)  
  33  6:09  Charge  
  34  6:12  Probe (Chrono Boost)  
  34  6:50  Zealot  
  36  7:10  Forge  
  36  7:19  Zealot  
  37  7:58  Stalker  
  39  8:14  Probe x2 (Chrono Boost)  
  39  8:16  Pylon  
  43  8:31  Probe x2 (Chrono Boost)  
  43  8:33  Zealot  
  43  8:57  Photon Cannon  
  43  9:04  Shield Battery  
  43  9:13  Stalker  
  45  9:35  Robotics Facility  
  45  9:54  Zealot  
  47  10:26  Probe (Chrono Boost)  
  47  10:27  Probe (Chrono Boost)  
  49  10:43  Probe (Chrono Boost)  
  44  11:57  Observer  
  44  11:58  Robotics Bay  
  41  12:10  Stalker  
  43  12:46  Gateway  
  43  12:47  Gateway  
  43  12:51  Gateway  
  43  12:54  Stalker  
  45  13:13  Colossus  
  51  13:30  Stalker  
  51  13:39  Pylon  
  53  13:47  Pylon  
  53  13:54  Pylon  
  53  14:08  Stalker  
  53  14:09  Stalker  
  57  14:10  Stalker  
  57  14:15  Stalker  
  61  14:28  Colossus  
  67  14:48  Stalker x2  
  67  14:49  Stalker x2  
  75  16:17  Stalker  
  76  17:10  Nexus  
Tags
 
Add a new tag
Caveats
  • Supply blocks, unpowered buildings, or Contaminate may cause inaccurate times.
  • Supply counts are checked every 10 seconds.